 Dungeon Crawl Stone Soup version 0.24.0-125-gc4c63601f3 (webtiles) character file.

Game seed: 4585970868716736558, levelgen mode: deterministic

68 MajorAdolf the Sneak (level 4, -2/39 HPs)
             Began as a Naga Wanderer on Mar 2, 2020.
             Slain by Natasha (4 damage)
             ... on level 2 of the Dungeon.
             The game lasted 00:03:54 (1322 turns).

MajorAdolf the Sneak (Naga Wanderer)                Turns: 1322, Time: 00:03:54

Health: -2/39      AC:  2    Str: 17    XL:     4   Next: 19%
Magic:  4/4        EV:  9    Int: 14    God:
Gold:   81         SH:  0    Dex:  7    Spells: 3/3 levels left

rFire    . . .     SeeInvis +   a - +2 spear
rCold    . . .     Gourm    .   (no shield)
rNeg     . . .     Faith    .   d - +0 robe
rPois    +         Spirit   .   (no helmet)
rElec    .         Reflect  .   (no cloak)
rCorr    .         Harm     .   (no gloves)
MR       .....                  (no barding)
Stlth    +++.......             h - amulet of regeneration
HPRegen  0.53/turn              (no ring)
MPRegen  0.09/turn              (no ring)

@: short of breath, very slow
A: large, see invisible, deformed body, poison resistance, slowness 2, slow
metabolism 1, spit poison 1, AC +1
a: Spit Poison


You were on level 2 of the Dungeon.
You were not hungry.

You visited 1 branch of the dungeon, and saw 2 of its levels.

You collected 81 gold pieces.

Inventory:

Hand Weapons
 a - a +2 spear (weapon)
 c - a +0 hand axe
 e - a +0 dagger
 l - a +0 war axe
Missiles
 g - 71 stones (quivered)
Armour
 d - a +0 robe (worn)
Jewellery
 h - an amulet of regeneration (around neck)
Scrolls
 b - 2 scrolls of teleportation
 k - a scroll of identify
Potions
 i - a potion of curing
 j - a potion of magic {unknown}
Comestibles
 f - 2 rations


   Skills:
 - Level 2.0 Fighting
 + Level 2.4(2.6) Axes
 - Level 1.0(1.9) Polearms
 - Level 1.0 Armour
 - Level 1.0 Dodging
 - Level 7.6 Stealth


You had 3 spell levels left.
You didn't know any spells.
Your spell library was empty.

Dungeon Overview and Level Annotations

Branches:
Dungeon (2/15)

Altars:

Annotations:
D:2 Natasha


Innate Abilities, Weirdness & Mutations

You cannot wear boots.
Your serpentine skin is tough. (AC +1)
You have supernaturally acute eyesight. (SInv)
Armour fits poorly on your strangely shaped body.
Your system is resistant to poisons. (rPois)
You cover ground very slowly.
You have a slow metabolism.
You can spit poison.


Message History

Natasha is heavily wounded.
Natasha barely misses you.
You hit Natasha but do no damage.
Natasha is heavily wounded.
Natasha casts a spell at you. The magic dart hits you.
You barely miss Natasha.
Natasha is heavily wounded.
Natasha claws you!
* * * LOW HITPOINT WARNING * * *
You barely miss Natasha.
Natasha is heavily wounded.
You have got your breath back.
Natasha claws you!
* * * LOW HITPOINT WARNING * * *
Press: ? - help, Shift-Dir - straight line, f/p - Natasha
Aim: Natasha (heavily wounded)
The splash of poison misses Natasha.
You feel slightly more hungry. Natasha claws you.
You die...

#.# #.......# #.#.#.#
#.# #.......# #.....#
#.# #.......###..)<.#
#.#####.........)...#
#....<....#.###.#.###
##.##.#.###.# #.#.#
#.##.......#
#.#.#####.
#.####.#####
#......... #...>.@#
##...##### ######h#
.....# #.# .......#
#.........# .........#
#.##.......'.........+
##...#.##.........#
#..##.###.......##
#.## # ..


You could see Natasha.

Vanquished Creatures
  3 gnolls
  An ooze (D:2)
  2 dart slugs (D:1)
  5 bats (D:1)
  2 giant cockroaches
  3 goblins (D:1)
  2 hobgoblins (D:1)
  2 jackals (D:1)
  3 kobolds (D:1)
  3 frilled lizards (D:1)
  5 rats
31 creatures vanquished.

Notes
Turn   | Place    | Note
-------+----------+-------------------------------------------
     0 | D:1      | MajorAdolf the Naga Wanderer began the quest for the Orb.
     0 | D:1      | MajorAdolf set off with the following items: a +2 spear, a
                  | scroll of teleportation, a +0 hand axe, a +0 robe, a +0
                  | dagger, a ration
     0 | D:1      | Reached XP level 1. HP: 19/19 MP: 1/1
     4 | D:1      | Reached skill level 6 in Stealth
   117 | D:1      | Reached XP level 2. HP: 26/26 MP: 2/2
   354 | D:1      | Reached skill level 7 in Stealth
   771 | D:1      | Reached XP level 3. HP: 31/32 MP: 3/3
  1246 | D:2      | Reached XP level 4. HP: 34/39 MP: 4/4
  1288 | D:2      | Noticed Natasha
  1321 | D:2      | HP: 1/39 [Natasha (9)]
  1322 | D:2      | Slain by Natasha

Levels and vault maps discovered:
D:1:      dpeg_arrival_simpleton_b, layout_loops_ring,
          chequers_serial_rivers_room_b
D:2:      layout_loops_corners, uniq_natasha

Skill      XL: |  1  2  3 |
---------------+----------+-----
Stealth        | 6 7 |  7.6
Axes           | 2 |  2.4
Fighting       | |  2.0
Polearms       | |  1.0
Armour         | |  1.0
Dodging        | |  1.0

Action                   |  1- 3 |  4- 6 || total
-------------------------+-------+-------++-------
Melee: Spear             |    92 |    22 ||   114
 Abil: Spit Poison       |    18 |     6 ||    24
  Use: Scroll            |     1 |       ||     1
 Stab: Sleeping          |    11 |       ||    11
  Eat: Chunk             |     1 |     1 ||     2
Armor: Robe              |    13 |     2 ||    15
Dodge: Dodged            |    39 |    10 ||    49
